 Dungeon Crawl Stone Soup version 0.30-a0-596-g0af90f9a20 (webtiles) character file.

Game seed: 8795961939898473838

208955 wormed the Covert (level 18, 0/143 HPs)
             Began as a Gnoll Wanderer on Jan 7, 2023.
             Was the Champion of Cheibriados.
             Slain by a salamander mystic
             ... wielding a +0 scimitar
              (7 damage)
             ... on level 4 of the Snake Pit.
             The game lasted 01:48:40 (36523 turns).

wormed the Covert (Gnoll Wanderer)                 Turns: 36523, Time: 01:48:41

Health: 0/143      AC: 17    Str: 28    XL:     18   Next: 80%
Magic:  4/44       EV: 28    Int: 41    God:    Cheibriados [******]
Gold:   871        SH: 13    Dex: 35    Spells: 8/43 levels left

rFire   . . .      SeeInvis +    K - +5 rapier of Verdant Conscience {venom, rC++}
rCold   + + +      Faith    .    n - +3 buckler of Myhudwou {MP+9 Dex+4}
rNeg    + . .      Spirit   .    D - +0 troll leather armour
rPois   .          Reflect  .    Q - +2 hat {Stlth+}
rElec   .          Harm     .    o - +2 cloak {rCorr}
rCorr   +          Rampage  .    b - +0 pair of gloves
Will    +....                    v - +2 pair of boots {Fly}
Stlth   +++++++                  Z - amulet of magic regeneration
HPRegen 1.23/turn                L - ring "Paikygh" {rN+ Int+6 SInv}
MPRegen 0.69/turn                d - ring "Mycsuts" {Fly rC++ Int+3 Dex+3 Stlth-}

@: lethally poisoned (0 -> -7), about to teleport, radiating poison, flying,
very slow
A: fangs 1, strong nose, distributed training
}: 1/15 runes: barnacled
a: Renounce Religion, Bend Time, Temporal Distortion, Slouch, Step From Time


You were on level 4 of the Snake Pit.
You worshipped Cheibriados.
Cheibriados was exalted by your worship.
You visited 6 branches of the dungeon, and saw 31 of its levels.

You collected 2863 gold pieces.
You spent 1992 gold pieces at shops.

Inventory:

Hand Weapons
 K - the +5 rapier of Verdant Conscience (weapon) {venom, rC++}
   (You found it on level 3 of the Shoals)

   rC:        It greatly protects you from cold.
Missiles
 l - 8 silver javelins
 q - 14 javelins
 X - 6 throwing nets
Armour
 b - a +0 pair of gloves (worn)
 n - the +3 buckler of Myhudwou (worn) {MP+9 Dex+4}
   (You found it on level 8 of the Dungeon)

   Dex:       It affects your dexterity (+4).
   MP:        It affects your magic capacity (+9).
 o - a +2 cloak of preservation (worn)
 v - a +2 pair of boots of flying (worn)
 D - a +0 troll leather armour (worn)
 Q - a +2 hat of stealth (worn)
Jewellery
 d - the ring "Mycsuts" (right hand) {Fly rC++ Int+3 Dex+3 Stlth-}
   (You bought it in a shop on level 2 of the Shoals)

   [ring of flight]

   Int:       It affects your intelligence (+3).
   Dex:       It affects your dexterity (+3).
   rC:        It greatly protects you from cold.
   Fly:       It grants you flight.
   Stlth:     It makes you less stealthy.
 J - the ring "Wehison" {Will+ MP+9}
   (You found it on level 4 of the Shoals)

   [ring of magical power]

   MP:        It affects your magic capacity (+9).
   Will:      It increases your willpower.
 L - the ring "Paikygh" (left hand) {rN+ Int+6 SInv}
   (You found it on level 1 of the Shoals)

   [ring of intelligence]

   Int:       It affects your intelligence (+6).
   rN:        It protects you from negative energy.
   SInv:      It lets you see invisible.
 R - the ring of Roaffyloe {rElec EV+5 Int-5 Dex+6 SInv}
   (You found it on level 4 of the Shoals)

   [ring of evasion]

   EV:        It affects your evasion (+5).
   Int:       It affects your intelligence (-5).
   Dex:       It affects your dexterity (+6).
   rElec:     It insulates you from electricity.
   SInv:      It lets you see invisible.
 Z - an amulet of magic regeneration (around neck)
Wands
 e - a wand of paralysis (7)
 E - a wand of iceblast (25)
 F - a wand of digging (12)
 I - a wand of polymorph (9) (quivered)
 P - a wand of flame (16)
 W - a wand of mindburst (4)
Scrolls
 a - 2 scrolls of fear
 f - 4 scrolls of enchant armour
 g - a scroll of brand weapon
 h - 14 scrolls of teleportation
 p - 6 scrolls of immolation
 u - 6 scrolls of poison
 w - a scroll of amnesia
 x - 5 scrolls of silence
 z - 2 scrolls of blinking
 B - 4 scrolls of torment
 G - 5 scrolls of vulnerability
 M - 4 scrolls of magic mapping
 S - 3 scrolls of enchant weapon
 U - 4 scrolls of butterflies
 Y - a scroll of fog
Potions
 c - 6 potions of might
 i - 4 potions of invisibility
 j - 5 potions of mutation
 k - 9 potions of flight
 m - 14 potions of curing
 r - 11 potions of heal wounds
 t - 2 potions of resistance
 A - a potion of ambrosia
 C - 2 potions of cancellation
 H - 5 potions of attraction
 N - 5 potions of lignification
 O - 4 potions of magic
 V - 8 potions of brilliance
Miscellaneous
 s - a tin of tremorstones (2/2)
 y - a phantom mirror
 T - a condenser vane


   Skills:
 + Level 13.0 Fighting
 + Level 13.0 Short Blades
 + Level 13.0 Long Blades
 + Level 13.0 Axes
 + Level 13.0 Maces & Flails
 + Level 13.0 Polearms
 + Level 13.0 Staves
 + Level 13.0 Ranged Weapons
 + Level 13.3 Throwing
 + Level 13.3 Armour
 + Level 13.0 Dodging
 + Level 14.2 Stealth
 + Level 13.0 Shields
 + Level 13.0 Unarmed Combat
 + Level 13.3 Spellcasting
 + Level 11.1 Conjurations
 + Level 11.1 Hexes
 + Level 11.1 Summonings
 + Level 11.1 Necromancy
 + Level 11.1 Translocations
 + Level 11.7 Transmutations
 + Level 11.1 Fire Magic
 + Level 11.1 Ice Magic
 + Level 11.1 Air Magic
 + Level 11.1 Earth Magic
 + Level 11.1 Poison Magic
 + Level 14.1 Invocations
 + Level 13.8 Evocations


You had 8 spell levels left.
You knew the following spells:

 Your Spells              Type           Power      Damage    Failure   Level
a - Poisonous Vapours     Pois/Air       100%       N/A       1%          2
b - Olgreb's Toxic Radia  Pois           87%        N/A       1%          4
c - Ignite Poison         Fire/Tmut/Pois 88%        N/A       1%          3
d - Fireball              Conj/Fire      43%        3d17      1%          5
g - Summon Guardian Gole  Hex/Summ       87%        N/A       1%          3
m - Monstrous Menagerie   Summ           43%        N/A       13%         7
o - Ozocubu's Armour      Ice            87%        N/A       1%          3
v - Summon Mana Viper     Hex/Summ       87%        N/A       1%          5
w - Call Canine Familiar  Summ           87%        N/A       1%          3

Your spell library contained the following spells:

 Spells                   Type           Power      Damage    Failure   Level
 Apportation              Tloc           100%       N/A       0%          1
 Beastly Appendage        Tmut           100%       N/A       0%          1
 Foxfire                  Conj/Fire      100%       2x1d9     0%          1
 Magic Dart               Conj           100%       1d8       0%          1
 Necrotise                Necr           100%       1d9       0%          1
 Shock                    Conj/Air       100%       1d9       0%          1
 Sting                    Tmut/Pois      100%       1d8       0%          1
 Summon Small Mammal      Summ           100%       N/A       0%          1
 Call Imp                 Summ           87%        N/A       1%          2
 Cigotuvi's Dreadful Rot  Necr/Pois/Air  100%       N/A       1%          2
 Wereblood                Tmut           89%        N/A       1%          2
 Dazzling Flash           Conj/Hex       100%       N/A       1%          3
 Gell's Gravitas          Tloc           87%        N/A       1%          3
 Hailstorm                Conj/Ice       87%        3d17      1%          3
 Inner Flame              Hex/Fire       87%        N/A       1%          3
 Kindle Blastsparks       Fire/Tloc/Air  100%       2d18      1%          3
 Mephitic Cloud           Conj/Pois/Air  87%        N/A       1%          3
 Spider Form              Tmut/Pois      88%        N/A       1%          3
 Swiftness                Air            87%        N/A       1%          3
 Teleport Other           Tloc           87%        N/A       1%          3
 Tukima's Dance           Hex            87%        N/A       1%          3
 Vhi's Electric Charge    Tloc/Air       100%       N/A       1%          3
 Airstrike                Air            43%        2d(7-23)  1%          4
 Animate Dead             Necr           87%        N/A       1%          4
 Cause Fear               Hex            43%        N/A       1%          4
 Dispel Undead            Necr           87%        3d28      1%          4
 Ice Form                 Ice/Tmut       88%        N/A       1%          4
 Iskenderun's Mystic Bla  Conj/Tloc      87%        2d17      1%          4
 Leda's Liquefaction      Hex/Erth       43%        N/A       1%          4
 Passage of Golubria      Tloc           87%        N/A       1%          4
 Summon Ice Beast         Ice/Summ       87%        N/A       1%          4
 Agony                    Necr           87%        N/A       1%          5
 Alistair's Intoxication  Tmut/Pois      58%        N/A       1%          5
 Arcjolt                  Conj/Air       43%        1d53      1%          5
 Borgnjor's Vile Clutch   Necr/Erth      43%        N/A       1%          5
 Freezing Cloud           Conj/Ice/Air   43%        6-21      1%          5
 Lee's Rapid Deconstruct  Erth           43%        3d21*     1%          5
 Silence                  Hex/Air        43%        N/A       1%          5
 Yara's Violent Unravell  Hex/Tmut       44%        3d17      1%          5
 Eringya's Noxious Bog    Tmut/Pois      44%        N/A       1%          6
 Statue Form              Tmut/Erth      58%        N/A       1%          6
 Death Channel            Necr           43%        N/A       2%          6
 Dispersal                Tloc           43%        N/A       2%          6
 Simulacrum               Ice/Necr       43%        N/A       2%          6
 Starburst                Conj/Fire      43%        6d12      2%          6
 Haunt                    Necr/Summ      43%        N/A       13%         7
 Ozocubu's Refrigeration  Ice            43%        4d17      13%         7
 Discord                  Hex            43%        N/A       71%         8
 Lehudib's Crystal Spear  Conj/Erth      43%        10d11     71%         8
 Death's Door             Necr           43%        N/A       100%        9
 Polar Vortex             Ice            43%        N/A       100%        9


Dungeon Overview and Level Annotations

Branches:
Dungeon (15/15)            Temple (1/1) D:6            Lair (5/5) D:10
 Shoals (4/4) Lair:3        Snake (4/4) Lair:3        Slime (0/5) Lair:5
    Orc (2/2) D:12            Elf (0/3) Orc:2        Vaults (0/5) D:13
 Depths (0/4) D:15

Altars:
Ashenzari
Cheibriados
Dithmenos
Elyvilon
Fedhas
Gozag
Hepliaklqana
Kikubaaqudgha
Makhleb
Nemelex Xobeh
Okawaru
Qazlal
Ru
Sif Muna
Trog
Uskayaw
Vehumet
Wu Jian
Xom
Yredelemnul
Zin
The Shining One
Jiyva

Shops:
D:1 [   D:3 (   Orc:2 (!*[!((:   Shoals:2 =   Snake:1 (*[?

Annotations:
D:15 1 runed translucent door
Lair:5 2 transporters, pigah's ghost, journeyman OpWn
Shoals:1 Zilibas's ghost, adept MiBe


Innate Abilities, Weirdness & Mutations

You have very sharp teeth.
Your uncanny sense of smell can sniff out nearby items.
Your experience applies equally to all skills.


Message History

The bolt of poison misses you. The anaconda misses your mana viper.
The anaconda constricts you.
The anaconda hisses angrily.
Casting: Ignite Poison (safe; 1% risk of failure)
Confirm with . or Enter, or press ? or * to list all spells.
Your toxic radiance grows in intensity.
The anaconda looks even sicker.
The anaconda is poisoned.
You kill the anaconda!
Cheibriados thoroughly appreciates the change of pace.
You feel sick.
An anaconda comes into view.
The guardian serpent closely misses you.
The naga warrior roars a battlecry!
The salamander mystic goes into a battle-frenzy!
The guardian serpent casts a spell at you.
The bolt of poison hits you!!
You are more poisoned.
* * * LOW HITPOINT WARNING * * *
A salamander mystic comes into view. It is wielding a +0 quarterstaff.
As you read the scroll of teleportation, it crumbles to dust.
You feel strangely unstable.
The anaconda is poisoned.
The salamander mystic is poisoned.
You feel sick.
Your mana viper closely misses the guardian serpent.
The guardian serpent coils itself and waves its upper body at you.
The bolt of poison hits the guardian serpent.
The guardian serpent is poisoned.
The bolt of poison hits you!!
You are more poisoned.
* * * LOW HITPOINT WARNING * * *
The guardian serpent coils itself and waves its upper body at your mana viper.
The bolt of poison hits your mana viper!
Your mana viper barely misses the guardian serpent.
You step out of the flow of time.
You feel a bit more experienced.
You return to the normal time flow.
A salamander mystic comes into view. It is wielding a +0 scimitar.
The salamander mystic is poisoned.
* * * LOW HITPOINT WARNING * * *
You feel very sick.
A salamander tyrant comes into view.
The salamander mystic hits you with a +0 scimitar!
You die...

### ##.##### #####
######......# #
#...###...##...÷..###..#
#...............@.)....#
.........S...÷.N.÷......#
###.....N................
#.##.....................
...'.....#####..........#
.###.....# #..........#
##.......# ∆ '...........
.........# N#.#######...
............ .. ..


You could see a salamander tyrant (wandering), a salamander mystic (poisoned)
and an anaconda (wandering).

Vanquished Creatures
  Bai Suzhen (Snake:3)
  Jorgrun (Snake:1)
  Asterion (Snake:1)
  Gastronok (D:10)
  A kraken (Shoals:1)
  Agnes (Snake:2)
  A nagaraja (Snake:2)
  Aizul (Snake:1)
  A stone giant (D:15)
  A dire elephant (Lair:5)
  4 merfolk javelineers (Shoals:4)
  An entropy weaver (shapeshifter) (D:13)
  11 merfolk impalers
  4 spectral krakens (Shoals:4)
  An ice dragon (D:13)
  2 alligator snapping turtles (Shoals:4)
  7 hydras
  A catoblepas (Lair:5)
  6 anacondas
  3 merfolk aquamancers
  2 satyrs
  4 two-headed ogres (D:9)
  6 merfolk avatars
  A dancing weapon (D:13)
  3 ghost crabs (Shoals:4)
  6 centaur warriors
  9 death yaks (Lair:5)
  3 boulder beetles
  A deep troll shaman (Lair:5)
  7 shock serpents
  A tengu warrior (D:15)
  A naga warrior (Snake:1)
  An orc high priest (Orc:2)
  Urug (Orc:2)
  Nergalle (Orc:2)
  4 naga sharpshooters (Snake:2)
  A salamander mystic (Snake:2)
  8 sea snakes
  3 naga ritualists
  A kraken simulacrum (Shoals:4)
  2 deep elf pyromancers
  5 orc knights
  9 harpies
  3 mana vipers
  2 ugly things (D:11)
  15 fauns
  A wolf spider (D:15)
  6 cyclopes
  2 orc sorcerers (Orc:2)
  3 salamanders
  19 manticores
  9 slime creatures
  12 merfolk sirens
  Maurice (D:8)
  A guardian serpent (shapeshifter) (D:13)
  9 elephants
  14 black mambas
  5 water nymphs
  8 cane toads
  An unseen horror (D:13)
  Psyche (D:8)
  8 komodo dragons
  2 rime drakes
  A tengu conjurer (D:14)
  2 kobold demonologists
  3 efreet
  4 spectral merfolk (Shoals:4)
  A spectral water nymph (Shoals:4)
  A spectral harpy (Shoals:4)
  8 trolls
  A meliai (shapeshifter) (D:14)
  2 polar bears
  30 merfolk
  A tarantella (shapeshifter) (D:14)
  A hornet (D:9)
  Prince Ribbit (Lair:1)
  15 dream sheep
  7 wind drakes
  10 snapping turtles
  21 blink frogs
  A shadow (D:11)
  A vampire (D:13)
  Eustachio (D:5)
  4 fire elementals
  6 water elementals
  6 wraiths
  5 wyverns
  A basilisk (Lair:3)
  45 yaks
  A steam dragon (D:9)
  4 vampire mosquitoes
  7 nagas
  A harpy simulacrum (D:15)
  2 wargs (Orc:1)
  12 water moccasins
  Edmund (D:4)
  A hell hound (Orc:2)
  Duvessa (D:4)
  A floating eye (shapeshifter) (D:13)
  25 orc warriors
  A sky beast (D:7)
  4 black bears
  A tengu (shapeshifter) (D:14)
  5 ogres
  22 wolves
  6 centaurs
  2 kobold brigands
  13 bullfrogs
  3 scorpions
  4 necrophages
  14 wights
  Dowan (D:4)
  12 killer bees
  An electric eel (Lair:5)
  A howler monkey (D:12)
  4 hounds
  16 orc priests
  Jessica (D:3)
  An iguana (D:6)
  16 orc wizards
  A nameless horror (D:14)
  6 adders
  7 gnolls (D:5)
  A shadow imp (D:6)
  3 white imps
  An ufetubus (D:7)
  A worm (D:3)
  A dart slug (D:1)
  69 orcs
  6 endoplasms
  A giant cockroach (D:3)
  5 goblins
  9 hobgoblins
  3 jackals (D:2)
  3 quokkas
  5 ball pythons
  4 bats
  5 frilled lizards
  19 kobolds
  3 rats
  2 tentacles (Shoals:4)
770 creatures vanquished.

Vanquished Creatures (collateral kills)
  Mara (Snake:3)
  Mlioglotl (Snake:2)
  Kirke (Snake:1)
  Roxanne (D:15)
  A nagaraja (Snake:3)
  An orc warlord (Orc:2)
  Azrael (Orc:2)
  Josephine (D:14)
  3 hydras
  A two-headed ogre (D:12)
  A dancing weapon (D:13)
  4 naga warriors
  A tengu warrior (D:15)
  2 anacondas (Snake:4)
  2 shock serpents
  3 naga sharpshooters
  A spectral merfolk (Shoals:4)
  An orc knight (Orc:1)
  3 harpies
  2 naga ritualists
  3 ugly things (D:15)
  2 oklob plants (Shoals:1)
  An orc sorcerer (Orc:1)
  5 mana vipers
  A salamander (Snake:2)
  2 nameless horrors (Snake:3)
  25 black mambas
  10 naga magi
  A guardian serpent (Snake:1)
  2 gargoyles (D:14)
  An efreet (D:13)
  A tengu conjurer (D:14)
  2 slime creatures (D:15)
  A wraith (D:14)
  2 fire elementals (Orc:1)
  4 hogs (Snake:1)
  2 vampire mosquitoes (D:14)
  20 nagas
  2 water moccasins (Lair:5)
  A hell hound (Orc:2)
  5 orc warriors
  3 ogres
  3 jellies (Lair:5)
  2 orc priests
  7 orcs
  A tentacle (Shoals:4)
141 creatures vanquished.

Vanquished Creatures (others)
  Vashnia (Snake:2)
  Donald (Orc:2)
  A naga sharpshooter (Snake:2)
  A wizard (D:14)
  A naga mage (Snake:3)
  A guardian serpent (Snake:4)
  A gargoyle (D:11)
  A wraith (D:14)
  An acid dragon (D:11)
  An orc warrior (Orc:2)
  32 fungi
  68 plants
  39 tentacles
  12 withered plants (Shoals:4)
161 creatures vanquished.

Grand Total: 1072 creatures vanquished

Notes
Turn   | Place    | Note
-------+----------+-------------------------------------------
     0 | D:1      | wormed the Gnoll Wanderer began the quest for the Orb.
     0 | D:1      | wormed set off with the following items: a +0 club, a +0
                  | pair of gloves, a potion of lignification, a +0 robe, a
                  | wand of paralysis (10); and the following spell memorised:
                  | Beastly Appendage; and the following spells available to
                  | memorise: Spider Form.
     0 | D:1      | Reached XP level 1. HP: 13/13 MP: 4/4
    65 | D:1      | Found Ykoip's Armour Boutique.
   256 | D:1      | Reached XP level 2. HP: 17/19 MP: 3/5
  1022 | D:2      | Reached XP level 3. HP: 19/25 MP: 7/7
  1311 | D:2      | Reached skill level 1 in Invocations
  1419 | D:2      | Found a faded altar of an unknown god.
  1429 | D:2      | Reached skill level 1 in Fighting
  1429 | D:2      | Reached skill level 1 in Short Blades
  1429 | D:2      | Reached skill level 1 in Long Blades
  1429 | D:2      | Reached skill level 1 in Axes
  1429 | D:2      | Reached skill level 1 in Maces & Flails
  1429 | D:2      | Reached skill level 1 in Polearms
  1429 | D:2      | Reached skill level 1 in Staves
  1429 | D:2      | Reached skill level 1 in Ranged Weapons
  1429 | D:2      | Reached skill level 1 in Dodging
  1429 | D:2      | Reached skill level 1 in Shields
  1429 | D:2      | Reached skill level 1 in Unarmed Combat
  1838 | D:3      | Noticed Jessica
  1851 | D:3      | Killed Jessica
  1852 | D:3      | Reached XP level 4. HP: 11/32 MP: 6/8
  1943 | D:3      | Reached skill level 1 in Conjurations
  1943 | D:3      | Reached skill level 1 in Hexes
  1943 | D:3      | Reached skill level 1 in Summonings
  1943 | D:3      | Reached skill level 1 in Necromancy
  1943 | D:3      | Reached skill level 1 in Translocations
  1943 | D:3      | Reached skill level 1 in Fire Magic
  1943 | D:3      | Reached skill level 1 in Ice Magic
  1943 | D:3      | Reached skill level 1 in Air Magic
  1943 | D:3      | Reached skill level 1 in Earth Magic
  1943 | D:3      | Reached skill level 1 in Poison Magic
  2157 | D:3      | Found Ukapuetz's Weapon Shoppe.
  2669 | D:3      | Reached XP level 5. HP: 28/37 MP: 9/9
  2897 | D:3      | Identified a scroll of acquirement
  2901 | D:3      | Acquired a Trismegistus Codex
  2906 | D:3      | Learned a level 2 spell: Poisonous Vapours
  2910 | D:3      | Learned a level 3 spell: Ignite Poison
  2914 | D:3      | Learned a level 3 spell: Mephitic Cloud
  2943 | D:4      | Noticed Edmund
  3078 | D:4      | Noticed Dowan
  3091 | D:4      | Noticed Duvessa
  3104 | D:5      | Entered Level 5 of the Dungeon
  3460 | D:4      | Got Kikubaaqudgha's Octavo of the Grave
  3521 | D:4      | Reached XP level 6. HP: 19/44 MP: 9/11
  3532 | D:4      | Reached skill level 5 in Evocations
  3903 | D:4      | Found a broken altar of Ashenzari.
  3956 | D:4      | Killed Edmund
  4192 | D:5      | Reached XP level 7. HP: 45/50 MP: 1/12
  4454 | D:5      | Identified the +1 leather armour of Patience {rC+}
  4490 | D:5      | Noticed Eustachio
  4685 | D:5      | Killed Eustachio
  5111 | D:5      | Reached XP level 8. HP: 58/58 MP: 2/14
  5342 | D:5      | Found a white marble altar of Elyvilon.
  5344 | D:5      | Found a glowing golden altar of the Shining One.
  5347 | D:5      | Found a blossoming altar of Fedhas.
  5771 | D:6      | Found a staircase to the Ecumenical Temple.
  5786 | Temple   | Entered the Ecumenical Temple
  5946 | Temple   | Became a worshipper of Cheibriados the Contemplative
  6658 | D:6      | Found an opulent altar of Gozag.
  7071 | D:6      | Found a glowing silver altar of Zin.
  7673 | D:4      | Killed Dowan
  7674 | D:4      | Reached skill level 5 in Transmutations
  7676 | D:4      | Killed Duvessa
  8131 | D:7      | Reached * piety under Cheibriados
  8132 | D:7      | Reached XP level 9. HP: 65/65 MP: 8/16
  8197 | D:7      | Reached skill level 5 in Spellcasting
  8376 | D:7      | Reached skill level 5 in Throwing
  8376 | D:7      | Reached skill level 5 in Armour
  9412 | D:8      | Reached ** piety under Cheibriados
  9422 | D:8      | Reached skill level 5 in Invocations
  9643 | D:8      | Noticed Maurice
  9647 | D:8      | Killed Maurice
  9751 | D:8      | Identified the +3 buckler of Myhudwou {MP+9 Dex+4}
  9997 | D:8      | Reached skill level 5 in Fighting
  9997 | D:8      | Reached skill level 5 in Short Blades
  9997 | D:8      | Reached skill level 5 in Long Blades
  9997 | D:8      | Reached skill level 5 in Axes
  9997 | D:8      | Reached skill level 5 in Maces & Flails
  9997 | D:8      | Reached skill level 5 in Polearms
  9997 | D:8      | Reached skill level 5 in Staves
  9997 | D:8      | Reached skill level 5 in Ranged Weapons
  9997 | D:8      | Reached skill level 5 in Dodging
  9997 | D:8      | Reached skill level 5 in Shields
  9997 | D:8      | Reached skill level 5 in Unarmed Combat
 10002 | D:8      | Reached XP level 10. HP: 59/74 MP: 16/18
 10263 | D:8      | Noticed Psyche
 10280 | D:8      | Killed Psyche
 10331 | D:8      | Noticed a manticore
 10338 | D:8      | Killed a manticore
 11011 | D:9      | Reached *** piety under Cheibriados
 11271 | D:9      | Noticed a two-headed ogre
 11275 | D:9      | Killed a two-headed ogre
 11601 | D:9      | Noticed an orc knight
 11605 | D:9      | Killed an orc knight
 11609 | D:9      | Noticed a two-headed ogre
 11614 | D:9      | Noticed a two-headed ogre
 11615 | D:9      | Killed a two-headed ogre
 11616 | D:9      | Reached skill level 5 in Conjurations
 11616 | D:9      | Reached skill level 5 in Hexes
 11616 | D:9      | Reached skill level 5 in Summonings
 11616 | D:9      | Reached skill level 5 in Necromancy
 11616 | D:9      | Reached skill level 5 in Translocations
 11616 | D:9      | Reached skill level 5 in Fire Magic
 11616 | D:9      | Reached skill level 5 in Ice Magic
 11616 | D:9      | Reached skill level 5 in Air Magic
 11616 | D:9      | Reached skill level 5 in Earth Magic
 11616 | D:9      | Reached skill level 5 in Poison Magic
 11616 | D:9      | Reached XP level 11. HP: 81/81 MP: 5/21
 11625 | D:9      | Killed a two-headed ogre
 11735 | D:9      | Noticed a two-headed ogre
 11741 | D:9      | Killed a two-headed ogre
 11746 | D:9      | Noticed a cyclops
 11750 | D:9      | Killed a cyclops
 11754 | D:9      | Noticed a cyclops
 11759 | D:9      | Killed a cyclops
 12152 | D:10     | Entered Level 10 of the Dungeon
 12157 | D:10     | Learned a level 3 spell: Summon Guardian Golem
 12170 | D:10     | Identified the +4 halberd "Qiusunop" {heavy, Int+6 Dex+3}
 12383 | D:10     | Reached **** piety under Cheibriados
 12820 | D:10     | Found a staircase to the Lair.
 12883 | D:10     | Noticed Gastronok
 12891 | D:10     | Killed Gastronok
 13223 | D:11     | Noticed a white ugly thing
 13228 | D:11     | Killed a white ugly thing
 13229 | D:11     | Reached XP level 12. HP: 91/91 MP: 22/23
 14268 | Lair:1   | Entered Level 1 of the Lair of Beasts
 14667 | Lair:1   | Noticed Prince Ribbit
 14676 | Lair:1   | Killed Prince Ribbit
 14834 | Lair:1   | Reached ***** piety under Cheibriados
 15695 | Lair:2   | Noticed an eight-headed hydra
 15697 | Lair:2   | Reached skill level 10 in Stealth
 15704 | Lair:2   | Killed an eight-headed hydra
 15998 | Lair:2   | Learned a level 3 spell: Ozocubu's Armour
 16008 | Lair:2   | Reached XP level 13. HP: 98/98 MP: 25/25
 17494 | Lair:3   | Found a staircase to the Snake Pit.
 17550 | Lair:3   | Reached ****** piety under Cheibriados
 17731 | Lair:3   | Found a staircase to the Shoals.
 18412 | Lair:4   | Reached skill level 10 in Evocations
 19301 | Lair:4   | Learned a level 3 spell: Call Canine Familiar
 19306 | Lair:5   | Entered Level 5 of the Lair of Beasts
 19489 | Lair:5   | Reached XP level 14. HP: 108/108 MP: 27/27
 19493 | Lair:5   | Reached skill level 10 in Invocations
 19496 | Lair:5   | Identified the +1 tower shield "Humaotwo" {rElec rCorr
                  | MP+9}
 19797 | Lair:5   | Reached skill level 10 in Spellcasting
 19842 | Lair:5   | Noticed a dire elephant
 19847 | Lair:5   | Killed a dire elephant
 19858 | Lair:5   | Reached skill level 10 in Throwing
 19858 | Lair:5   | Reached skill level 10 in Armour
 19900 | Lair:5   | Learned a level 5 spell: Summon Mana Viper
 19900 | Lair:5   | Identified the +7 spear of Doom {heavy, Will++}
 20124 | Lair:5   | Found a viscous altar of Jiyva.
 20138 | Lair:5   | Found a staircase to the Slime Pits.
 20246 | Lair:5   | Found a transporter.
 20266 | Lair:5   | Found a transporter.
 20269 | Lair:5   | Noticed pigah's ghost (journeyman OpWn)
 20745 | Lair:5   | Learned a level 3 spell: Kindle Blastsparks
 20790 | Lair:5   | Learned a level 5 spell: Fireball
 21322 | D:12     | Found a staircase to the Orcish Mines.
 22613 | D:13     | Reached skill level 10 in Fighting
 22613 | D:13     | Reached skill level 10 in Short Blades
 22613 | D:13     | Reached skill level 10 in Long Blades
 22613 | D:13     | Reached skill level 10 in Axes
 22613 | D:13     | Reached skill level 10 in Maces & Flails
 22613 | D:13     | Reached skill level 10 in Polearms
 22613 | D:13     | Reached skill level 10 in Staves
 22613 | D:13     | Reached skill level 10 in Ranged Weapons
 22613 | D:13     | Reached skill level 10 in Dodging
 22613 | D:13     | Reached skill level 10 in Shields
 22613 | D:13     | Reached skill level 10 in Unarmed Combat
 22895 | D:13     | Reached XP level 15. HP: 54/115 MP: 29/29
 23191 | D:13     | Found a gate to the Vaults.
 23493 | D:14     | Noticed Josephine
 23498 | D:14     | Killed Josephine
 24385 | D:15     | Entered Level 15 of the Dungeon
 24385 | D:15     | Found Hukeiva's Antique Weapon Shop.
 24394 | D:15     | Noticed Roxanne
 24409 | D:15     | Found a staircase to the Depths.
 24638 | D:15     | Found a runed translucent door.
 24875 | D:15     | Found the +3 greatsling "Punk" {acid, rCorr}
 25044 | D:15     | Identified the +1 quarterstaff of Taxation {vamp, Str+3}
 25292 | D:15     | Killed Roxanne
 25540 | Orc:1    | Entered Level 1 of the Orcish Mines
 25860 | Orc:1    | You fall into a shaft and drop 1 floor!
 25860 | Orc:2    | Entered Level 2 of the Orcish Mines
 25860 | Orc:2    | Noticed Azrael
 26409 | Orc:2    | Found Zyfiok's Distillery.
 26412 | Orc:2    | Found a staircase to the Elven Halls.
 26426 | Orc:2    | Found Ithripn's Weapon Shop.
 26454 | Orc:2    | Noticed an orc warlord
 26459 | Orc:2    | Killed an orc warlord
 26461 | Orc:2    | Noticed Donald
 26467 | Orc:2    | Noticed Urug
 26468 | Orc:2    | Killed Donald
 26470 | Orc:2    | Killed Urug
 26585 | Orc:2    | Noticed Nergalle
 26588 | Orc:2    | Killed Nergalle
 26619 | Orc:2    | Killed Azrael
 26726 | Orc:2    | Found Item Qux's Antique Weapon Shop.
 26755 | Orc:2    | Reached skill level 10 in Transmutations
 26755 | Orc:2    | Found Wasiv's Book Shop.
 26766 | Orc:2    | Bought a Young Poisoner's Handbook for 280 gold pieces
 26771 | Orc:2    | Learned a level 4 spell: Olgreb's Toxic Radiance
 26829 | Orc:2    | Found Teituby's Antique Weapon Shop.
 26891 | Orc:2    | Found Qatwyl's Distillery.
 26907 | Orc:2    | Found Leuxeus's Antique Armour Shop.
 26919 | Orc:2    | Bought a runed cloak for 225 gold pieces
 26919 | Orc:2    | Bought a pair of runed boots for 225 gold pieces
 27148 | Orc:2    | Found Nueklomn's General Store.
 27346 | Snake:1  | Entered Level 1 of the Snake Pit
 27346 | Snake:1  | Found Ymmull's Magic Scroll Boutique.
 27350 | Snake:1  | Bought a scroll of acquirement for 624 gold pieces
 27350 | Snake:1  | Acquired the +8 rapier "Couliw" {drain, Int+4}
 27409 | Shoals:1 | Entered Level 1 of the Shoals
 27431 | Shoals:1 | Found a runed translucent gate.
 27432 | Shoals:1 | Found a runed translucent gate.
 27433 | Shoals:1 | Found a runed translucent gate.
 27436 | Shoals:1 | Noticed Zilibas's ghost (adept MiBe)
 27467 | Shoals:1 | Reached XP level 16. HP: 124/124 MP: 31/31
 27964 | Shoals:1 | Noticed a kraken
 27977 | Shoals:1 | Killed a kraken
 28669 | Shoals:1 | Got Mavutrop's Thoughts on the Shocking Legion
 28673 | Shoals:1 | Identified the ring "Paikygh" {rN+ Int+6 SInv}
 28982 | Shoals:2 | Found Limafob's Jewellery Shop.
 28988 | Shoals:2 | Bought the ring "Mycsuts" {Fly rC++ Int+3 Dex+3 Stlth-} for
                  | 638 gold pieces
 29840 | Shoals:3 | Identified the +5 rapier of Verdant Conscience {venom,
                  | rC++}
 30593 | Shoals:4 | Entered Level 4 of the Shoals
 30743 | Shoals:4 | Identified the +1 leather armour "Ryppaw" {rC++}
 30746 | Shoals:4 | Identified the ring of Roaffyloe {rElec EV+5 Int-5 Dex+6
                  | SInv}
 30852 | Shoals:4 | Reached XP level 17. HP: 112/133 MP: 19/33
 30863 | Shoals:4 | Reached skill level 10 in Conjurations
 30863 | Shoals:4 | Reached skill level 10 in Hexes
 30863 | Shoals:4 | Reached skill level 10 in Summonings
 30863 | Shoals:4 | Reached skill level 10 in Necromancy
 30863 | Shoals:4 | Reached skill level 10 in Translocations
 30863 | Shoals:4 | Reached skill level 10 in Fire Magic
 30863 | Shoals:4 | Reached skill level 10 in Ice Magic
 30863 | Shoals:4 | Reached skill level 10 in Air Magic
 30863 | Shoals:4 | Reached skill level 10 in Earth Magic
 30863 | Shoals:4 | Reached skill level 10 in Poison Magic
 31696 | Shoals:4 | Identified the ring "Wehison" {Will+ MP+9}
 31893 | Shoals:4 | Got a barnacled rune of Zot
 32242 | Snake:1  | Noticed Kirke
 32269 | Snake:1  | Killed Kirke
 32414 | Snake:1  | Found Soerohif's Antique Weapon Shoppe.
 32416 | Snake:1  | Found Cym Zav's General Store.
 32419 | Snake:1  | Found Ucyotu Kemiph's Armour Shoppe.
 32524 | Snake:1  | Noticed Aizul
 32526 | Snake:1  | Killed Aizul
 32547 | Snake:1  | Noticed Jorgrun
 32553 | Snake:1  | Killed Jorgrun
 32986 | Snake:1  | Noticed Asterion
 32992 | Snake:1  | Killed Asterion
 33679 | Snake:2  | Reached XP level 18. HP: 121/141 MP: 34/34
 33728 | Snake:2  | Noticed Agnes
 33738 | Snake:2  | Killed Agnes
 33800 | Snake:2  | Noticed Mlioglotl
 33816 | Snake:2  | Killed Mlioglotl
 33912 | Snake:2  | Identified the -2 pair of boots of the Blind Marksman
                  | {Will+ Dex+4}
 33988 | Snake:2  | Noticed Vashnia
 34230 | Snake:2  | Killed Vashnia
 34338 | Snake:2  | Learned a level 7 spell: Monstrous Menagerie
 34702 | Snake:3  | Noticed Mara
 35101 | Snake:3  | Killed Mara
 35617 | Snake:3  | Noticed Bai Suzhen
 35639 | Snake:3  | Killed Bai Suzhen
 36366 | Snake:4  | Entered Level 4 of the Snake Pit
 36523 | Snake:4  | HP: 7/143 [poisoned by a guardian serpent (bolt of poison)]
 36523 | Snake:4  | Slain by a salamander mystic

Illustrated notes

Levels and vault maps discovered:
D:1:      psy_arrival_spokes, layout_basic, serial_shops, shop
D:2:      layout_loops_ring, hellmonk_ecumenical_altar_blasted
D:3:      layout_loops_ring, serial_shops, nicolae_shop_bloodbath_and_beyond,
          minmay_joined_circles, uniq_jessica
D:4:      minmay_skewed_foursquare, layout_loops_ring,
          ashenzari_conservatory_becter, serial_park_tiny_2, uniq_duvessa,
          uniq_edmund
D:5:      layout_basic, minitemple, uniq_eustachio
D:6:      layout_layer_cave, pdpol_temple_overflow_zin_treasury_gozag_greed,
          minmay_temple_entry_proselytizer, minmay_fountain_box
D:7:      layout_loops_ring
D:8:      layout_cave_pods, uniq_psyche, uniq_maurice
D:9:      layout_roguey, hellmonk_guarded_unrand_dark_maul
D:10:     layout_cave_pools, lair_entry_dummy, uniq_gastronok
D:11:     layout_gridville
D:12:     layout_basic, hiddenorc2_lemuel, dk_noncrumbling_3
D:13:     kennysheep_scales, layout_irregular_city, erik_vaults_1
D:14:     layout_basic, grunt_decor_junction, uniq_josephine
D:15:     grunt_enter_depths_giant_problem, layout_grid_maze, serial_shops,
          nicolae_shop_crystal, minmay_st_funbox, drop_trap, uniq_roxanne
Temple:   compressed_dpeg_triangle_lava_temple
Lair:1:   layout_regular_city, st_stairs_4, chequers_serial_rivers_micro_a,
          uniq_prince_ribbit2
Lair:2:   layout_hall_layers, beast_lair_carwin_8
Lair:3:   layout_long_grid, elwin_shoals_entry_stream,
          minmay_snake_entry_guardpost_medium, grunt_megastairs_4,
          infiniplex_staircase_pool_2, lemuel_fruit_tree
Lair:4:   layout_cave_shapes, infiniplex_staircase_pool
Lair:5:   grunt_lair_end_beastmaster, layout_regular_city,
          nicolae_slime_entry_field_trip, gammafunk_ghost_berserking_beasts,
          serial_bayou_lagoon_b
Shoals:1: layout_shoals, gammafunk_ghost_split, nicolae_shoals_this_corrosion
Shoals:2: layout_shoals, serial_shops, nicolae_shop_hallway_stairs
Shoals:3: layout_shoals
Shoals:4: shoals_end_grunt_ice, layout_shoals, nicolae_shoals_spectral_cove
Snake:1:  layout_chambers, serial_shops, nicolae_shop_stone,
          grunt_ministairs_15, minmay_shop_star, uniq_aizul, uniq_jorgrun,
          uniq_kirke, uniq_asterion
Snake:2:  layout_cave_town, grunt_megastairs_1, uniq_mlioglotl, uniq_vashnia,
          uniq_agnes
Snake:3:  layout_chambers, uniq_mara, uniq_bai_suzhen
Snake:4:  grunt_snake_rune_serpentine_throne, layout_cave_town
Orc:1:    layout_caves
Orc:2:    grunt_orc_cross, layout_caves, serial_shops,
          nicolae_shop_behind_doors, shop, shop, shop_fountains, uniq_donald,
          uniq_azrael

Skill      XL: |  1  2  3  4  5  6  7  8  9 10 11 12 13 14 15 16 17 18 |
---------------+-------------------------------------------------------+-----
Stealth        | 6 7 8 9 10 11 12 13 14 | 14.2
Invocations    | 1 2 3 4 5 6 7 8 9 10 11 12 13 14 | 14.1
Fighting       | 1 2 3 5 6 7 8 9 10 11 12 13 | 13.0
Short Blades   | 1 2 3 5 6 7 8 9 10 11 12 13 | 13.0
Long Blades    | 1 2 3 5 6 7 8 9 10 11 12 13 | 13.0
Axes           | 1 2 3 5 6 7 8 9 10 11 12 13 | 13.0
Maces & Flails | 1 2 3 5 6 7 8 9 10 11 12 13 | 13.0
Polearms       | 1 2 3 5 6 7 8 9 10 11 12 13 | 13.0
Staves         | 1 2 3 5 6 7 8 9 10 11 12 13 | 13.0
Ranged Weapons | 1 2 3 5 6 7 8 9 10 11 12 13 | 13.0
Dodging        | 1 2 3 5 6 7 8 9 10 11 12 13 | 13.0
Shields        | 1 2 3 5 6 7 8 9 10 11 12 13 | 13.0
Unarmed Combat | 1 2 3 5 6 7 8 9 10 11 12 13 | 13.0
Spellcasting   | 3 4 5 6 7 8 9 10 11 12 13 | 13.3
Conjurations   | 1 2 3 4 5 6 7 8 9 10 11 | 11.1
Hexes          | 1 2 3 4 5 6 7 8 9 10 11 | 11.1
Summonings     | 1 2 3 4 5 6 7 8 9 10 11 | 11.1
Necromancy     | 1 2 3 4 5 6 7 8 9 10 11 | 11.1
Translocations | 1 2 3 4 5 6 7 8 9 10 11 | 11.1
Fire Magic     | 1 2 3 4 5 6 7 8 9 10 11 | 11.1
Ice Magic      | 1 2 3 4 5 6 7 8 9 10 11 | 11.1
Air Magic      | 1 2 3 4 5 6 7 8 9 10 11 | 11.1
Earth Magic    | 1 2 3 4 5 6 7 8 9 10 11 | 11.1
Poison Magic   | 1 2 3 4 5 6 7 8 9 10 11 | 11.1
Throwing       | 3 4 5 6 7 8 9 10 11 12 13 | 13.3
Armour         | 3 4 5 6 7 8 9 10 11 12 13 | 13.3
Transmutations | 4 5 6 7 8 9 10 11 | 11.7
Evocations     | 5 6 7 8 9 10 11 12 13 | 13.8

Action                   |  1- 3 |  4- 6 |  7- 9 | 10-12 | 13-15 | 16-18 || total
-------------------------+-------+-------+-------+-------+-------+-------++-------
Melee: Unarmed           |   126 |   124 |    20 |       |       |       ||   270
       Kick              |    32 |    24 |     2 |       |       |       ||    58
       Headbutt          |    12 |    10 |     2 |       |       |       ||    24
       Bite              |     6 |     8 |    20 |    14 |    59 |    55 ||   162
       Punch             |     2 |     2 |     6 |     4 |    13 |       ||    27
       Rapier            |       |       |    12 |       |       |   344 ||   356
       Flail             |       |       |     3 |       |       |       ||     3
       Short sword       |       |       |    82 |   102 |   151 |       ||   335
       Spear             |       |       |       |       |   261 |       ||   261
Throw: Dart              |       |       |     1 |       |       |       ||     1
 Cast: Beastly Appendage |    27 |    14 |     2 |       |       |       ||    43
       Poisonous Vapours |       |    10 |    87 |   143 |   244 |   153 ||   637
       Ignite Poison     |       |     2 |    37 |    84 |   162 |   123 ||   408
       Mephitic Cloud    |       |       |     9 |    11 |     5 |       ||    25
       Summon Guardian G |       |       |       |     2 |     3 |     2 ||     7
       Ozocubu's Armour  |       |       |       |       |     5 |     3 ||     8
       Call Canine Famil |       |       |       |       |    16 |    48 ||    64
       Summon Mana Viper |       |       |       |       |    46 |    53 ||    99
       Fireball          |       |       |       |       |    35 |    35 ||    70
       Kindle Blastspark |       |       |       |       |     8 |       ||     8
       Olgreb's Toxic Ra |       |       |       |       |     4 |    42 ||    46
       Monstrous Menager |       |       |       |       |       |    48 ||    48
Invok: Slouch            |       |       |       |       |       |     2 ||     2
       Step From Time    |       |       |       |       |       |     1 ||     1
Evoke: Wand              |     2 |     3 |    12 |     3 |     1 |       ||    21
       Tin of tremorston |       |       |       |       |     1 |       ||     1
       Phantom mirror    |       |       |       |       |     1 |       ||     1
       Condenser vane    |       |       |       |       |     1 |       ||     1
  Use: Scroll            |       |     7 |       |     2 |    27 |    10 ||    46
       Potion            |       |     2 |       |       |     7 |     6 ||    15
 Stab: Sleeping          |     8 |     5 |     3 |     4 |     4 |     1 ||    25
       Paralysed         |     3 |     6 |       |     3 |       |       ||    12
       Distracted        |       |       |       |       |     6 |     5 ||    11
Armor: Robe              |    34 |    20 |    13 |     6 |       |       ||    73
       Skin              |       |     3 |       |       |     8 |       ||    11
       Troll leather arm |       |       |       |     9 |    75 |   120 ||   204
Dodge: Dodged            |    78 |    54 |   111 |   105 |   404 |   569 ||  1321
Block: Buckler           |       |       |       |       |   182 |   373 ||   555

Table legend: (Time is in decaauts)
 A = Elapsed time spent in this place.
 B = Non-inter-level travel time spent in this place.
 C = Inter-level travel time spent in this place.
 D = Time resting spent in this place.
 E = Time spent auto-exploring this place.
 F = Levels seen in this place.
 G = Mean time per level.
                   A        B        C        D        E       F      G
               +--------+--------+--------+--------+--------+-----+--------+
         Total |  52864 |  48410 |   4454 |    414 |  40701 |  31 | 1705.3 |
       Dungeon |  24682 |  22472 |   2210 |    304 |  18995 |  15 | 1645.5 |
        Temple |    176 |    137 |     39 |      0 |    122 |   1 |  176.0 |
          Lair |  11072 |   9896 |   1176 |      0 |   8406 |   5 | 2214.4 |
        Shoals |   7710 |   7105 |    605 |      0 |   6063 |   4 | 1927.5 |
     Snake Pit |   7076 |   6756 |    320 |     11 |   5618 |   4 | 1769.0 |
  Orcish Mines |   2146 |   2044 |    102 |     99 |   1497 |   2 | 1073.0 |
               +--------+--------+--------+--------+--------+-----+--------+

Top non-repeatable levels by time:
  Lair:5: 2612 daAuts
 Snake:3: 2512 daAuts
Shoals:1: 2450 daAuts
    D:12: 2432 daAuts
     D:6: 2417 daAuts
 Snake:1: 2398 daAuts
  Lair:2: 2346 daAuts
  Lair:3: 2297 daAuts
Shoals:4: 2216 daAuts
     D:9: 2014 daAuts
  Lair:4: 1977 daAuts
     D:8: 1943 daAuts
    D:13: 1920 daAuts
 Snake:2: 1891 daAuts
  Lair:1: 1839 daAuts
